 Dungeon Crawl Stone Soup version 0.32-a0-886-g41c5271027 (webtiles) character file.

Game seed: 11365923957038532598

1276 pokeman the Thaumaturge (level 8, -1/44 HPs)
             Began as a Deep Elf Hedge Wizard on Apr 2, 2024.
             Slain by a gnoll
             ... wielding a +0 spear
             ... led by a gnoll bouda
              (8 damage)
             ... on level 6 of the Dungeon.
             The game lasted 00:09:42 (4699 turns).

pokeman the Thaumaturge (Deep Elf Hedge Wizard)     Turns: 4699, Time: 00:09:43

Health: -1/44      AC:  3    Str:  7    XL:     8   Next: 29%
Magic:  9/23       EV: 12    Int: 22    God:
Gold:   264        SH:  0    Dex: 14    Spells: 16/25 levels left

rFire   . . .        v - +0 dagger (venom)
rCold   . . .        (no shield)
rNeg    . . .        b - +0 robe
rPois   .            c - +0 hat
rElec   .            t - +0 cloak
rCorr   +            (no gloves)
SInv    .            (no boots)
Will    .....        l - amulet of magic regeneration
Stlth   ++           e - ring of resist corrosion
HPRegen 0.27/turn    (no ring)
MPRegen 0.58/turn

%: no passive effects
@: very slightly contaminated
A: no striking features
a: no special abilities


You were on level 6 of the Dungeon.
You visited 1 branch of the dungeon, and saw 6 of its levels.

You collected 264 gold pieces.

Inventory:

Hand Weapons
 v - a +0 dagger of venom (weapon)
 x - a +1 dagger of pain
Missiles
 A - 6 curare-tipped darts
Armour
 b - a +0 robe (worn)
 c - a +0 hat (worn)
 t - a +0 cloak (worn)
 u - a +0 buckler
 w - the +1 ring mail of the Zebra {rPois SInv}
   (You found it on level 4 of the Dungeon)

   rPois:     It protects you from poison.
   SInv:      It lets you see invisible.
Magical Staves
 y - a staff of conjuration
Jewellery
 e - a ring of resist corrosion (left hand)
 f - a ring of fire
 l - an amulet of magic regeneration (around neck)
Scrolls
 h - a scroll of silence {unknown}
 i - 3 scrolls of vulnerability {unknown}
 k - a scroll of teleportation {unknown}
 m - 6 scrolls of identify {unknown}
 p - a scroll of amnesia {unknown}
 s - 2 scrolls of noise {unknown}
 B - a scroll of enchant armour {unknown}
 C - a scroll of fog {unknown}
 D - a scroll of immolation {unknown}
 E - a scroll of poison {unknown}
Potions
 a - 2 potions of attraction {unknown}
 d - a potion of magic
 g - 6 potions of curing {unknown}
 j - a potion of degeneration {unknown}
 n - a potion of cancellation {unknown}
 o - 2 potions of enlightenment {unknown}
 q - a potion of resistance {unknown}
 r - 2 potions of might {unknown}
 z - a potion of berserk rage {unknown}


   Skills:
 - Level 2.0 Fighting
 + Level 2.1 Armour
 - Level 3.0 Dodging
 - Level 3.0 Stealth
 - Level 1.0 Shields
 * Level 9.0 Spellcasting
 + Level 4.6 Conjurations
 - Level 1.1 Summonings
 - Level 3.0 Necromancy
 - Level 1.1 Translocations
 + Level 3.4 Fire Magic
 - Level 1.0 Air Magic
 - Level 1.1 Alchemy
 + Level 0.6 Evocations


You had 16 spell levels left.
You knew the following spells:

 Your Spells              Type           Power      Damage    Failure   Level
a - Magic Dart            Conj           100%       1d8       1%          1
b - Mephitic Cloud        Conj/Alch/Air  19%        N/A       8%          3
c - Call Imp              Summ           28%        N/A       6%          2
d - Blink                 Tloc           28%        N/A       6%          2
e - Foxfire               Conj/Fire      100%       2x1d9     1%          1

Your spell library contained the following spells:

 Spells                   Type           Power      Damage    Failure   Level
 Momentum Strike          Conj/Tloc      44%        3d9       3%          2
 Cigotuvi's Dreadful Rot  Necr/Alch/Air  34%        N/A       4%          2
 Lesser Beckoning         Tloc           28%        N/A       6%          2
 Slow                     Hex            36%        N/A       7%          1
 Maxwell's Portable Pile  Tloc           14%        2d(6-17)  13%         3
 Fireball                 Conj/Fire      13%        3d7       34%         5
 Passage of Golubria      Tloc           14%        N/A       38%         4
 Arcjolt                  Conj/Air       11%        1d21      50%         5
 Cause Fear               Hex            4%         N/A       54%         4
 Silence                  Hex/Air        6%         N/A       83%         5
 Lehudib's Crystal Spear  Conj/Erth      10%        10d4      100%        8
 Maxwell's Capacitive Co  Air            7%         ∞         100%        8
 Dragon's Call            Summ           7%         N/A       100%        9


Dungeon Overview and Level Annotations

Branches:
Dungeon (6/15)
 Temple: D:4-7

Altars:

Shops:
D:1 (   D:2 (


Message History

You conjure some foxfire!
The foxfire hits the ice beast!
The ice beast melts!
The ice beast is almost dead.
The foxfire hits the gnoll.
The gnoll is moderately wounded.
The gnoll hits your foxfire with a +0 spear.
The gnoll hits itself with a +0 spear.
The gnoll bouda is engulfed in noxious fumes.
The gnoll bouda appears confused.
Casting: Foxfire (safe; 1% risk of failure)
Confirm with . or Enter, or press ? or * to list all spells.
You miscast Foxfire.
You are very lightly contaminated with residual magic.
Nothing appears to happen.
The foxfire hits the ice beast but does no damage.
The ice beast is almost dead.
The foxfire hits the gnoll.
You kill the gnoll!
The ice beast barely misses you.
The gnoll hits you from afar with a +0 spear.
* * * LOW HITPOINT WARNING * * *
The gnoll bouda is engulfed in noxious fumes.
The gnoll bouda appears confused.
The gnoll hits the ice beast with a +0 whip.
Unknown command.
Casting: Foxfire (safe; 1% risk of failure)
Confirm with . or Enter, or press ? or * to list all spells.
You conjure some foxfire!
You feel ready to blink again.
The gnoll hits you from afar with a +0 spear.
* * * LOW HITPOINT WARNING * * *
The gnoll barely misses the ice beast.
The ice beast barely misses you.
Casting: Foxfire (safe; 1% risk of failure)
Confirm with . or Enter, or press ? or * to list all spells.
You conjure some foxfire!
The foxfire hits the ice beast but does no damage.
The ice beast is almost dead.
The foxfire hits the gnoll!
The gnoll is severely wounded.
The gnoll hits you from afar with a +0 spear!
You die...

#...###.###...###
.##.#........#......#
..... #)....<.......
.....###.............
......#.g..†.........
....#..............
..§g.g.........###
...#.Y.........## ..
#.@v..........
#..g.g.§v..........
...§.......##......
...g§§....## .....
.....☼...##
....##.... .... .....
... ......


You could see an ice beast (ally target), a gnoll bouda (confused) and 5 gnolls.

Vanquished Creatures
  A steam dragon (D:6)
  2 water moccasins
  An ice beast (D:6)
  An ogre (D:4)
  A centaur (D:5)
  2 scorpions (D:5)
  A howler monkey (D:4)
  2 bombardier beetles
  4 hounds
  3 orc priests
  An iguana (D:4)
  2 orc wizards (D:5)
  2 gnolls (D:6)
  5 adders
  2 dart slugs
  15 orcs
  7 ball pythons
  2 endoplasms (D:1)
  5 giant cockroaches
  8 goblins
  6 hobgoblins
  2 jackals (D:2)
  4 kobolds
  7 quokkas
  3 bats
  3 frilled lizards
  7 rats
  A foxfire (D:4)
100 creatures vanquished.

Vanquished Creatures (collateral kills)
  An orc priest (D:3)
  A ball python (D:3)
2 creatures vanquished.

Vanquished Creatures (others)
  310 foxfires
310 creatures vanquished.

Grand Total: 412 creatures vanquished

Notes
Turn   | Place    | Note
-------+----------+-------------------------------------------
     0 | D:1      | pokeman the Deep Elf Hedge Wizard began the quest for the
                  | Orb.
     0 | D:1      | Reached XP level 1. HP: 10/10 MP: 7/7
   150 | D:1      | Found Agopt's Weapon Shoppe.
   422 | D:1      | Reached XP level 2. HP: 16/16 MP: 1/9
  1357 | D:2      | Reached skill level 5 in Spellcasting
  1513 | D:2      | Reached XP level 3. HP: 20/20 MP: 9/11
  1517 | D:2      | Learned a level 3 spell: Mephitic Cloud
  1522 | D:2      | Learned a level 2 spell: Call Imp
  1525 | D:2      | Learned a level 2 spell: Blink
  1677 | D:2      | Reached skill level 1 in Fighting
  1770 | D:2      | Reached skill level 1 in Armour
  1781 | D:2      | Found Nompy's Weapon Shoppe.
  1782 | D:2      | Noticed a +0 giant spiked club
  1783 | D:2      | Noticed a +0 executioner's axe
  2188 | D:3      | Reached XP level 4. HP: 22/25 MP: 8/13
  2230 | D:3      | Found a faded altar of an unknown god.
  2261 | D:3      | Reached skill level 6 in Spellcasting
  2335 | D:3      | Got Plato's Book of Conjuring
  2338 | D:3      | Learned a level 1 spell: Foxfire
  2554 | D:3      | Reached XP level 5. HP: 29/29 MP: 10/15
  2786 | D:4      | Identified the +1 ring mail of the Zebra {rPois SInv}
  2816 | D:4      | Noticed an ogre
  2830 | D:4      | Killed an ogre
  2831 | D:4      | Reached skill level 1 in Shields
  2831 | D:4      | Reached skill level 1 in Fire Magic
  2831 | D:4      | Reached skill level 1 in Air Magic
  2831 | D:4      | Reached skill level 1 in Alchemy
  2831 | D:4      | Reached XP level 6. HP: 34/34 MP: 14/17
  3018 | D:4      | Reached skill level 7 in Spellcasting
  3356 | D:5      | Entered Level 5 of the Dungeon
  3539 | D:5      | Noticed a water moccasin
  3553 | D:5      | Killed a water moccasin
  3554 | D:5      | Reached skill level 1 in Necromancy
  3554 | D:5      | Reached XP level 7. HP: 12/39 MP: 20/20
  4202 | D:5      | Reached skill level 8 in Spellcasting
  4605 | D:6      | Reached XP level 8. HP: 38/44 MP: 17/22
  4672 | D:6      | Reached skill level 9 in Spellcasting
  4699 | D:6      | Slain by a gnoll

Illustrated notes

Levels and vault maps discovered:
D:1:      tarquinn_simple_flora_water_e, layout_loops_ring, serial_shops, shop,
          serial_forest, infiniplex_forest_straight_1, infiniplex_forest_end_2,
          infiniplex_forest_side_room, infiniplex_forest_clump_medium,
          infiniplex_forest_zigzag_1, minmay_domino_2
D:2:      layout_basic, serial_shops, nicolae_shop_mannequins, corner_web_ring,
          corexii_item_surrounded_by_moat
D:3:      layout_rooms, shapermc_ecumenical_altar_rom_forum, minivault_25
D:4:      layout_rooms, minmay_bisected
D:5:      layout_basic
D:6:      layout_cave_pools, amcnicky_altar_gilded, mainiacjoe_overflow_paths

Skill      XL: |  1  2  3  4  5  6  7  8 |
---------------+-------------------------+-----
Spellcasting   | 5 6 7 8 9 |  9.0
Fighting       | 1 2 |  2.0
Armour         | 1 2 |  2.1
Conjurations   | 2 3 4 |  4.6
Dodging        | 3 |  3.0
Stealth        | 3 |  3.0
Shields        | 1 |  1.0
Fire Magic     | 1 2 3 |  3.4
Air Magic      | 1 |  1.0
Alchemy        | 1 |  1.1
Necromancy     | 1 2 3 |  3.0
Summonings     | |  1.1
Translocations | |  1.1
Evocations     | |  0.6

Action                     |  1- 3 |  4- 6 |  7- 9 || total
---------------------------+-------+-------+-------++-------
  Melee: Dagger            |     1 |    20 |    19 ||    40
   Cast: Magic Dart        |   108 |    24 |       ||   132
         Foxfire           |       |    84 |    89 ||   173
         Mephitic Cloud    |       |     9 |     6 ||    15
         Call Imp          |       |     2 |       ||     2
         Blink             |       |       |     1 ||     1
   Stab: Confused          |       |       |     1 ||     1
 Armour: Robe              |     8 |    23 |    23 ||    54
  Dodge: Dodged            |    13 |    24 |    25 ||    62

Table legend: (Time is in decaauts)
 A = Elapsed time spent in this place.
 B = Non-inter-level travel time spent in this place.
 C = Inter-level travel time spent in this place.
 D = Time resting spent in this place.
 E = Time spent auto-exploring this place.
 F = Levels seen in this place.
 G = Mean time per level.
                   A        B        C        D        E       F      G
               +--------+--------+--------+--------+--------+-----+--------+
         Total |   4697 |   4578 |    119 |    347 |   3520 |   6 |  782.8 |
       Dungeon |   4697 |   4578 |    119 |    347 |   3520 |   6 |  782.8 |
               +--------+--------+--------+--------+--------+-----+--------+

Top non-repeatable levels by time:
     D:1: 1309 daAuts
     D:5: 1109 daAuts
     D:2: 807 daAuts
     D:4: 759 daAuts
     D:3: 606 daAuts
     D:6: 104 daAuts
